 Dungeon Crawl Stone Soup version 0.30-a0-591-g3c58d2bc28 (webtiles) character file.

Game seed: 15872147289796053615

6899 sanka the Nimble (level 10, -18/83 HPs)
             Began as a Demigod Earth Elementalist on Jan 5, 2023.
             Demolished by Harold
             ... wielding a +0 glaive
              (26 damage)
             ... on level 9 of the Dungeon.
             The game lasted 00:16:52 (8418 turns).

sanka the Nimble (Demigod Earth Elementalist)       Turns: 8418, Time: 00:16:52

Health: -18/83     AC: 12    Str:  9    XL:     10   Next: 50%
Magic:  18/19      EV: 16    Int: 29    God:
Gold:   654        SH:  0    Dex: 14    Spells: 10/16 levels left

rFire   . . .      SeeInvis .    i - staff of earth
rCold   + . .      Faith    .    (no shield)
rNeg    . . .      Spirit   .    R - +0 steam dragon scales
rPois   .          Reflect  .    l - +0 helmet
rElec   .          Harm     .    O - +0 cloak
rCorr   .          Rampage  .    m - +0 pair of gloves
Will    +....                    (no boots)
Stlth   ++                       D - amulet of magic regeneration
HPRegen 0.33/turn                F - +4 ring of protection
MPRegen 0.56/turn                E - ring of protection from cold

@: marked
A: high MP 1, forlorn, divine attributes
a: no special abilities


You were on level 9 of the Dungeon.
You visited 1 branch of the dungeon, and saw 9 of its levels.
You also visited: Ossuary.

You collected 738 gold pieces.
You spent 84 gold pieces at shops.


Innate Abilities, Weirdness & Mutations

You have an increased reservoir of magic. (+10% MP)
You shall have no god before yourself.
Your divine heritage dramatically boosts your attributes as you level up.


   Skills:
 - Level 6.2 Fighting
 - Level 2.0 Armour
 - Level 10.0 Dodging
 - Level 1.7 Stealth
 + Level 3.6 Spellcasting
 + Level 3.1 Conjurations
 - Level 0.8 Transmutations
 + Level 8.7 Earth Magic


You had 10 spell levels left.
You knew the following spells:

 Your Spells              Type           Power      Damage    Failure   Level
x - Stone Arrow           Conj/Erth      100%       3d13      1%          3
z - Sandblast             Erth           100%       2d20      1%          1
N - Passwall              Tmut/Erth      40%        N/A       1%          2

Your spell library contained the following spells:

 Spells                   Type           Power      Damage    Failure   Level
 Magic Dart               Conj           92%        1d7       1%          1
 Searing Ray              Conj           46%        2d6       3%          2
 Freeze                   Ice            20%        1d4       8%          1
 Petrify                  Tmut/Erth      49%        N/A       10%         4
 Dazzling Flash           Conj/Hex       28%        N/A       12%         3
 Hailstorm                Conj/Ice       14%        3d5       12%         3
 Animate Armour           Summ/Erth      90%        N/A       12%         4
 Frozen Ramparts          Ice            10%        1d2       22%         3
 Fulminant Prism          Conj/Hex       7%         3d7       36%         4
 Iskenderun's Mystic Bla  Conj/Tloc      14%        2d5       36%         4
 Starburst                Conj/Fire      7%         6d4       99%         6
 Lehudib's Crystal Spear  Conj/Erth      28%        10d7      100%        8

Inventory:

Hand Weapons
 a - a +4 dagger of distortion
 s - a +2 vampiric war axe
 u - a +2 dagger of draining
 L - a +6 scimitar of freezing
 V - a +1 demon whip of venom
Missiles
 w - 5 curare-tipped darts {=f}
Armour
 l - a +0 helmet (worn)
 m - a +0 pair of gloves (worn)
 O - a +0 cloak (worn)
 R - +0 steam dragon scales (worn)
Magical Staves
 i - a staff of earth (weapon)
 J - a staff of conjuration {!a}
Jewellery
 B - a ring of flight
 D - an amulet of magic regeneration (around neck)
 E - a ring of protection from cold (right hand)
 F - a +4 ring of protection (left hand)
 K - a ring of poison resistance
Wands
 o - a wand of paralysis (9)
 v - a wand of mindburst (16)
 y - a wand of digging (5)
 Q - a wand of quicksilver (13)
 T - a wand of flame (8)
 U - a wand of roots (3)
Scrolls
 c - a scroll of enchant armour
 e - 5 scrolls of blinking
 f - 3 scrolls of fear
 k - 3 scrolls of noise {!r}
 n - a scroll of immolation {unknown}
 p - 3 scrolls of poison {!r}
 q - 3 scrolls of amnesia
 r - 3 scrolls of teleportation {@r4}
 t - 2 scrolls of summoning
 x - 3 scrolls of magic mapping
 C - a scroll of enchant weapon
 M - 3 scrolls of vulnerability {!r}
 P - a scroll of brand weapon
 S - a scroll of identify {@r1}
 W - a scroll of acquirement {unknown}
Potions
 b - 5 potions of magic
 d - 4 potions of haste {unknown}
 g - 4 potions of curing {@q1}
 h - 3 potions of mutation {unknown}
 j - 3 potions of might {unknown}
 z - 6 potions of heal wounds
 A - 2 potions of attraction {unknown}
 G - 2 potions of flight {unknown}
 H - 2 potions of berserk rage {unknown}
 I - a potion of lignification {unknown}
 N - a potion of resistance {unknown}

Dungeon Overview and Level Annotations

Branches:
Dungeon (9/15)             Temple (0/1) D:7         Ossuary (visited)
   Lair: D:8-11         Orc: D:9-12

Shops:
D:6 *   D:8 *

Annotations:
D:9 Harold

▒▒▒▒▒▒▒
▒▒▒▒▒▒▒.....▒
▒............
▒▒▒▒▒▒▒▒▒
▒.▒▒▒▒▒.▒▒▒▒▒
.......p▒ ▒.▒
▒.▒
.....@▒.▒▒▒▒.▒
▒.▒ ▒▒?..
▒......▒ ..▒
▒▒. ▒▒▒▒▒▒▒▒
▒▒▒ ▒ ▒.▒ ▒.▒
▒.▒ ▒.▒


You could see Harold.


Message History

Unknown command.
You struggle against the net.
Harold casts a spell at you. The mark upon you grows brighter.
You rip the net and break free!
Harold hits you from afar with a +0 glaive!
The blast of sand hits Harold but does no damage.
Harold is moderately wounded.
Harold hits you from afar with a +0 glaive!
Harold gestures at you while chanting. The mark upon you grows brighter.
The blast of sand hits Harold!!
Harold is heavily wounded.
Harold hits you from afar with a +0 glaive!
* * * LOW HITPOINT WARNING * * *
The blast of sand hits Harold.
Harold is severely wounded.
Harold barely misses you.
Harold hits you from afar with a +0 glaive!
* * * LOW HITPOINT WARNING * * *
The blast of sand hits Harold.
Harold is severely wounded.
Harold hits you from afar with a +0 glaive!
* * * LOW HITPOINT WARNING * * *
The blast of sand hits Harold!!
Harold is almost dead.
Harold drinks a potion.
Harold is healed!
Harold hits you from afar with a +0 glaive!!
You die...

Action                   |  1- 3 |  4- 6 |  7- 9 | 10-12 || total
-------------------------+-------+-------+-------+-------++-------
 Cast: Sandblast         |    54 |    69 |   169 |    51 ||   343
       Stone Arrow       |       |       |     1 |     6 ||     7
Evoke: Wand              |       |     2 |       |       ||     2
  Use: Scroll            |       |       |    12 |       ||    12
Armor: Robe              |     3 |     9 |     9 |       ||    21
       Steam dragon scal |       |       |    14 |     8 ||    22
       Ring mail         |       |       |     4 |       ||     4
Dodge: Dodged            |     8 |    17 |    92 |    46 ||   163

Levels and vault maps discovered:
D:1:      kennysheep_arrival_seaside, layout_rooms,
          chequers_ecumenical_altar_twisty
D:2:      layout_basic, dreamdust_princess_bridge, minmay_tetromino_i2,
          uniq_natasha
D:3:      layout_loops_ring, gammafunk_temple_overflow_wave,
          minmay_misc_feat_encased
D:4:      layout_rooms
D:5:      layout_basic, nemelex_xobeh_ov_fountains_minmay,
          chequers_ossuary_entry_cave, minmay_misc_feat_iff,
          minmay_misc_feat_chi, chequers_serial_rivers_small_a
D:6:      layout_rooms, lemuel_tele_altar, serial_shops, shop
D:7:      layout_gridville, minmay_temple_entry_wispy, minmay_misc_feat_pillars,
          corexii_checkpoint_a, dreamdust_wishing_well, serial_bayou_pond_a,
          uniq_prince_ribbit1
D:8:      layout_layer_cave, nicolae_shop_gadgets, uniq_psyche
D:9:      layout_loops_ring, nicolae_dithmenos_shadow_blocks, uniq_maggie,
          uniq_amaemon, uniq_harold

Notes
Turn   | Place    | Note
-------+----------+-------------------------------------------
     0 | D:1      | sanka the Demigod Earth Elementalist began the quest for
                  | the Orb.
     0 | D:1      | Reached XP level 1. HP: 14/14 MP: 5/5
    61 | D:1      | Reached skill level 2 in Spellcasting
   183 | D:1      | Reached skill level 3 in Earth Magic
   283 | D:1      | Reached XP level 2. HP: 14/20 MP: 4/7
  1037 | D:2      | Reached XP level 3. HP: 26/26 MP: 5/8
  1218 | D:2      | Noticed Natasha
  1225 | D:2      | Killed Natasha
  1226 | D:2      | Reached skill level 4 in Earth Magic
  1412 | D:2      | Noticed Natasha
  1414 | D:2      | Killed Natasha
  1415 | D:2      | Reached XP level 4. HP: 33/33 MP: 6/9
  1455 | D:2      | Noticed Natasha
  1456 | D:2      | Killed Natasha
  1882 | D:3      | Reached skill level 5 in Earth Magic
  2606 | D:4      | Reached XP level 5. HP: 33/38 MP: 8/10
  2780 | D:4      | Reached skill level 6 in Earth Magic
  2855 | D:4      | Noticed an ogre
  2859 | D:4      | Killed an ogre
  2860 | D:4      | Reached XP level 6. HP: 22/45 MP: 8/11
  3077 | D:4      | Reached skill level 7 in Earth Magic
  3363 | D:5      | Entered Level 5 of the Dungeon
  3511 | D:5      | Noticed a two-headed ogre
  3527 | D:5      | Killed a two-headed ogre
  3528 | D:5      | Reached skill level 8 in Earth Magic
  3528 | D:5      | Reached skill level 2 in Fighting
  3528 | D:5      | Reached skill level 3 in Dodging
  3528 | D:5      | Reached XP level 7. HP: 56/56 MP: 11/13
  3531 | D:5      | Reached skill level 3 in Fighting
  3641 | D:5      | Reached XP level 8. HP: 63/63 MP: 14/14
  3711 | D:5      | Reached skill level 4 in Dodging
  3864 | D:5      | Found a sand-covered staircase.
  3871 | Ossuary  | Entered an ossuary
  4141 | Ossuary  | Learned a level 2 spell: Passwall
  4145 | Ossuary  | Learned a level 3 spell: Stone Arrow
  4297 | D:5      | Reached skill level 4 in Fighting
  4395 | D:5      | Reached skill level 5 in Dodging
  4444 | D:5      | Reached skill level 5 in Fighting
  4927 | D:6      | Found Poilag Woin's General Store.
  4935 | D:6      | Reached skill level 6 in Dodging
  5045 | D:6      | Reached XP level 9. HP: 75/75 MP: 15/15
  5073 | D:6      | Reached skill level 6 in Fighting
  5324 | D:6      | Bought a scroll of identify for 26 gold pieces
  5324 | D:6      | Bought a +0 cloak for 58 gold pieces
  5381 | D:7      | Reached skill level 1 in Armour
  5471 | D:7      | Noticed Prince Ribbit
  5476 | D:7      | Killed Prince Ribbit
  5477 | D:7      | Reached skill level 2 in Armour
  5477 | D:7      | Reached skill level 7 in Dodging
  5783 | D:7      | Found a staircase to the Ecumenical Temple.
  5923 | D:7      | Identified a +0 crystal plate armour
  6564 | D:8      | Reached skill level 8 in Dodging
  6631 | D:8      | Identified +0 steam dragon scales
  6782 | D:8      | Noticed Psyche
  6786 | D:8      | Killed Psyche
  7231 | D:8      | Found Ciarimet's Gadget Gallery.
  7562 | D:9      | Reached skill level 9 in Dodging
  7581 | D:9      | Noticed a kobold demonologist
  7586 | D:9      | Killed a kobold demonologist
  7643 | D:9      | Reached XP level 10. HP: 72/83 MP: 16/16
  7911 | D:9      | Reached skill level 10 in Dodging
  7917 | D:9      | Reached skill level 1 in Conjurations
  7997 | D:9      | Identified +0 swamp dragon scales
  7997 | D:9      | Noticed Maggie
  8005 | D:9      | Killed Maggie
  8006 | D:9      | Reached skill level 3 in Spellcasting
  8006 | D:9      | Reached skill level 2 in Conjurations
  8223 | D:9      | Noticed Amaemon
  8258 | D:9      | Killed Amaemon
  8263 | D:9      | Reached skill level 3 in Conjurations
  8408 | D:9      | Noticed Harold
  8417 | D:9      | HP: 7/83 [Harold/+0 glaive (17)]
  8418 | D:9      | Demolished by Harold

Vanquished Creatures
  A two-headed ogre (D:5)
  Amaemon (D:9)
  An orange demon (D:9)
  Maggie (D:9)
  Psyche (D:8)
  A kobold demonologist (D:9)
  Prince Ribbit (D:7)
  A wraith (D:9)
  6 yaks (D:9)
  A steam dragon (D:8)
  3 water moccasins
  An orc warrior (D:7)
  A sky beast (D:6)
  A black bear (D:6)
  3 ogres
  6 centaurs
  4 necrophages
  2 bullfrogs (D:7)
  3 scorpions
  2 gnoll sergeants
  7 wights
  6 killer bees (D:9)
  A howler monkey (D:8)
  3 hounds
  2 orc priests (D:4)
  2 gnoll boudas
  Natasha (thrice) (D:2)
  2 orc wizards
  3 mummies (Ossuary)
  16 gnolls
  6 adders
  2 shadow imps
  A white imp (D:7)
  An ufetubus (D:5)
  4 adder zombies (Ossuary)
  A worm (D:4)
  6 dart slugs
  20 orcs
  4 endoplasms
  3 giant cockroaches
  A gnoll zombie (Ossuary)
  2 goblins
  11 hobgoblins
  4 jackals
  4 quokkas
  9 ball pythons
  3 bats
  3 frilled lizards
  3 goblin zombies (Ossuary)
  4 hobgoblin zombies (Ossuary)
  6 kobolds
  2 kobold zombies (Ossuary)
  2 quokka zombies (Ossuary)
  7 rats
  2 rat zombies (Ossuary)
197 creatures vanquished.
